Unix NetHack Version 3.7.0-102 Work-in-progress - last build Apr 6 2024 13:22:21 (d302a6a9ff6341f1a922d8f5af178406b35fdf99,branch:master). Game began 2024-05-04 07:19:39, ended 2024-05-04 08:19:46. elenmirie, neutral female gnomish Archeologist ----------- --------- |.........| |.......| |.........| . |.....<.-# ..........| # |.......|# |.........-########### ## ---------# |.........| ###### #@# ####### # ----.------ #### k d # ############# ## ## # # # ####### #### ### # ############%########## # #------ # #---.--+----- ---------------# #|.....#############|..........| |*."..........|# #-....|### |...{....^.-########-..........>{.|# |....|# |.......*..| |......%......-# |.[...# ------------ --------------- |....| ------ Elenmirie the Field Worker St:14 Dx:8 Co:14 In:16 Wi:15 Ch:8 Neutral Dlvl:3 $:643 HP:0(22) Pw:9(9) AC:4 Xp:3/73 T:2318 Latest messages: Yermak is splashed by the green mold's acid! You see here a perforated amulet. Yermak drops a worthless piece of green glass. Yermak picks up a worthless piece of green glass. Yermak drops a worthless piece of green glass. You see here a perforated amulet. p - a perforated amulet. What do you want to take off? [kyDEG or ?*] ? What do you want to take off? [kyDEG or ?*] Never mind. What do you want to remove? [l or ?*] l You were wearing an uncursed amulet called versus poison. What do you want to put on? [lp or ?*] ? p - an amulet of guarding (being worn). What do you want to remove? [p or ?*] p You were wearing an amulet of guarding. What do you want to put on? [lp or ?*] l l - an uncursed amulet called versus poison (being worn). You see here a green mold corpse. Ouch! You bump into a door. Ouch! You bump into a door. The door resists! The door resists! The door opens. The gecko bites! Yermak misses the gecko. Yermak bites the gecko. The gecko misses Yermak. You miss the gecko. Yermak bites the gecko. The gecko is killed! The kobold lord throws a dart! You are almost hit by a dart. You miss the kobold lord. The kobold lord hits! You hit the kobold lord. The kobold lord misses! You hit the kobold lord. The kobold lord hits! You miss the kobold lord. The kobold lord hits! Yermak picks up a dart. You hit the kobold lord. The kobold lord hits! You die... Do you want your possessions identified? [ynq] (y) y Do you want to see your attributes? [ynq] (y) y Do you want an account of creatures vanquished? [ynaq] (y) y Do you want to see your conduct and achievements? [ynq] (y) y Do you want to see the dungeon overview? [ynq] (y) y Inventory: Coins $ - 643 gold pieces Amulets p - an uncursed amulet of guarding l - an uncursed amulet versus poison (being worn) Weapons z - 53 uncursed +0 darts x - an uncursed +3 orcish dagger o - 2 uncursed +0 orcish daggers a - a blessed +2 bullwhip F - an uncursed +0 silver saber (weapon in right hand) Armor y - an uncursed +0 orcish helm (being worn) D - an uncursed +0 pair of gauntlets of dexterity (being worn) E - an uncursed burnt +0 pair of jumping boots (being worn) G - a blessed +0 shield of reflection (being worn) k - an uncursed +0 leather armor (being worn) Tools w - an uncursed bag of holding containing 18 items Gems/Stones A - 2 cursed chrysoberyl stones n - an uncursed jet stone g - an uncursed touchstone Contents of the bag of holding: an uncursed +0 fedora an uncursed +0 leather jacket 4 uncursed food rations an uncursed lembas wafer an uncursed scroll of amnesia an uncursed scroll of blank paper an uncursed scroll of teleportation an uncursed spellbook of drain life a blessed potion of hallucination an uncursed potion of healing an uncursed potion of levitation a cursed potion of monster detection an uncursed potion of water an empty uncursed sack an uncursed magic marker (0:20) an uncursed mirror an uncursed +0 pick-axe an uncursed tinning kit (0:65) Elenmirie the Archeologist's attributes: Background: You were a Field Worker, a level 3 female gnomish Archeologist. You were neutral, on a mission for Camaxtli who was opposed by Quetzalcoatl (lawful) and Huhetotl (chaotic). You were right-handed. You were in the Dungeons of Doom, on level 3. You entered the dungeon 2318 turns ago. You had 73 experience points, 7 more were needed to attain level 4. Basics: You had 0 out of 22 hit points. You had all 9 energy points (spell power). Your armor class was 4. Your wallet contained 643 zorkmids. Autopickup was on for '$' plus thrown. Final Characteristics: Your strength was 14 (limit:18/50). Your dexterity was 8 (limit:18). Your constitution was 14 (limit:18). Your intelligence was 16 (limit:19). Your wisdom was 15 (limit:18). Your charisma was 8 (limit:18). Final Status: You weren't hungry. You were unencumbered. You were wielding a saber. You were unskilled in saber. Final Attributes: You were piously aligned. You were poison resistant. You had automatic searching. You had infravision. You could jump. You were warded. You had reflection. You are dead. Miscellaneous: You never encountered a bones level. Total elapsed playing time was 33 minutes and 3 seconds. Major events: Turn 1: elenmirie the neutral female gnomish Archeologist entered the dungeon 1257: attained the rank of Field Worker (level 3) 2318: killed by a kobold lord Vanquished creatures: an acid blob a large kobold a cave spider a brown mold 2 yellow molds a green mold a gecko 6 jackals a fox a kobold 5 goblins 2 sewer rats a bat 3 lichens 3 kobold zombies 2 newts 32 creatures vanquished. No species were genocided or became extinct. Voluntary challenges: You followed a strict vegan diet. You read items or engraved 1 time. You never engraved Elbereth. You never genocided any monsters. You never polymorphed an object. You never changed form. You used no wishes. Achievements: You entered a shop. You attained the rank of Field Worker. The Dungeons of Doom: levels 1 to 3 Level 1: Level 2: An altar. Level 3: <- You were here. Some fountains. Final resting place for you, killed by a kobold lord. Game over: ---------- / \ / REST \ / IN \ / PEACE \ / \ | elenmirie | | 643 Au | | killed by a | | kobold lord | | | | | | 2024 | *| * * * | * _________)/\\_//(\/(/\)/\//\/|_)_______ Goodbye elenmirie the Archeologist... You died in The Dungeons of Doom on dungeon level 3 with 971 points, and 643 pieces of gold, after 2318 moves. You were level 3 with a maximum of 22 hit points when you died.